 Dungeon Crawl Stone Soup version 0.31-a0-978-g1e143483b6 (webtiles) character file.

Game seed: 9826014766757595325

76 Dirtsage the Insei (level 4, -3/29 HPs)
             Began as an Octopode Shapeshifter on Oct 31, 2023.
             Slain by Natasha (6 damage)
             ... on level 2 of the Dungeon.
             The game lasted 00:02:34 (1098 turns).

Dirtsage the Insei (Octopode Shapeshifter)          Turns: 1098, Time: 00:02:35

Health: -3/29      AC:  1    Str: 13    XL:     4   Next: 32%
Magic:  4/4        EV: 13    Int: 12    God:
Gold:   93         SH:  0    Dex: 13    Spells: 3/3 levels left

rFire   . .          .
                       - Unarmed
rCold   + . .        (no shield)
rNeg    . . .        (helmet currently unavailable)
rPois   .            (no amulet)
rElec   .            I - ring of protection from cold
rCorr   .            (no ring)
SInv    .            (no ring)
Will    .....        (no ring)
Stlth   ++           (no ring)
HPRegen 0.24/turn    (no ring)
MPRegen 0.09/turn    (no ring)
                     (no ring)

%: no passive effects
@: beast-form
A: beast (slay +2), almost no armour, amphibious, 8 rings, camouflage 1,
gelatinous body 1, (nimble swimmer 1), tentacles
a: Begin Untransformation


You were on level 2 of the Dungeon.
You were a hulking beast.
You visited 1 branch of the dungeon, and saw 2 of its levels.

You collected 93 gold pieces.

Inventory:

Jewellery
 I - a ring of protection from cold (left tentacle)
Talismans
 b - a beast talisman
 c - a flux talisman
Scrolls
 d - a scroll of teleportation {unknown}
 e - a scroll of poison {unknown}
 f - 3 scrolls of identify {unknown}
 g - a scroll of noise {unknown}
 h - a scroll of butterflies {unknown}
Potions
 a - 2 potions of lignification
 i - a potion of invisibility {unknown}
 j - a potion of magic {unknown}
 k - a potion of brilliance {unknown}
 l - a potion of heal wounds {unknown}


   Skills:
 + Level 1.9 Fighting
 - Level 2.0 Dodging
 * Level 3.9 Unarmed Combat
 * Level 3.7 Shapeshifting


You had 3 spell levels left.
You didn't know any spells.
Your spell library was empty.

Dungeon Overview and Level Annotations

Branches:
Dungeon (2/15)

Altars:

Shops:
D:1 :

Annotations:
D:2 Natasha


Innate Abilities, Weirdness & Mutations

You are a hulking beast.
Your limbs bulge with bestial killing power. (Slay +2)
You cannot wear most types of armour.
You are amphibious.
You can wear up to eight rings at the same time.
Your skin changes colour to match your surroundings (Stealth+).
Your rubbery body absorbs attacks. (AC +1, EV +1)
((You are camouflaged when in or above water. (Stealth+)))
You have tentacles for arms and can constrict up to eight enemies at once.


Message History

You squeeze the worm.
You kill the worm!
The hobgoblin closely misses you.
You tentacle-slap the hobgoblin. You grab the hobgoblin.
The hobgoblin is lightly wounded.
You constrict the hobgoblin. The hobgoblin barely misses you.
You bludgeon the hobgoblin!
You kill the hobgoblin!
Natasha, Servant of Life and Death comes into view.
Natasha is nearby!
You start resting.
Natasha is nearby!
You regained 2 hp, and now have 22/29 hp.
Natasha hisses angrily.
Natasha casts a spell at you. The magic dart hits you!
You take 7 damage, and have 16/29 hp.
MASSIVE DAMAGE!!
Natasha misses you.
You barely miss Natasha. Your grab misses Natasha.
Natasha casts a spell at you. The magic dart hits you!
* * * LOW HITPOINT WARNING * * *
You take 10 damage, and have 7/29 hp.
MASSIVE DAMAGE!!
You tentacle-slap Natasha but do no damage.
Your grab misses Natasha. You squeeze Natasha.
Natasha is moderately wounded.
Natasha casts a spell.
You barely miss Natasha. Your grab misses Natasha.
Natasha is moderately wounded.
Natasha claws you.
* * * LOW HITPOINT WARNING * * *
You take 5 damage, and have 2/29 hp.
Unknown command.
Okay, then.
You closely miss Natasha. You grab Natasha.
Natasha is moderately wounded.
You constrict Natasha, but do no damage.
The cerulean imp barely misses you. Natasha claws you.
You die...
Natasha curls up and begins to purr.

###### #..... #.....
#...†. ######+###
#....† #........#
#..... #........#
#..... #........#
#..... #..hh....#
#####..... #.5......#
#......... #...$..†.#
#####.....
#...>....############
####.................
#...##############
#...# #... #...# #.##
#...# #.##


You could see Natasha and a cerulean imp (summoned).

Vanquished Creatures
  Natasha (twice) (D:2)
  A worm (D:2)
  5 ball pythons
  2 endoplasms
  A goblin (D:2)
  4 hobgoblins
  4 jackals (D:1)
  A quokka (D:2)
  2 frilled lizards
22 creatures vanquished.

Notes
Turn   | Place    | Note
-------+----------+-------------------------------------------
     0 | D:1      | Dirtsage the Octopode Shapeshifter began the quest for the
                  | Orb.
     0 | D:1      | Reached XP level 1. HP: 13/13 MP: 1/1
   298 | D:1      | Found Apy Boeh's Vocational Training.
   422 | D:1      | Reached XP level 2. HP: 18/18 MP: 2/2
   594 | D:2      | Noticed Natasha
   602 | D:2      | Killed Natasha
   603 | D:2      | Reached XP level 3. HP: 16/23 MP: 3/3
   984 | D:2      | Noticed Natasha
   991 | D:2      | Killed Natasha
   992 | D:2      | Reached XP level 4. HP: 18/29 MP: 4/4
  1075 | D:2      | Noticed Natasha
  1098 | D:2      | Slain by Natasha

Illustrated notes

Levels and vault maps discovered:
D:1:      wander_arrival_fairy_ring, layout_loops_cross, nicolae_shop_vocational
D:2:      layout_basic, chequers_ecumenical_altar_simple, uniq_robin,
          uniq_natasha

Action                     |  1- 3 |  4- 6 || total
---------------------------+-------+-------++-------
  Melee: Unarmed           |    35 |    15 ||    50
         Constrict         |    11 |     4 ||    15
         Tentacles         |     4 |     4 ||     8
 Armour: Skin              |    18 |     9 ||    27
  Dodge: Dodged            |    22 |    10 ||    32

Table legend: (Time is in decaauts)
 A = Elapsed time spent in this place.
 B = Non-inter-level travel time spent in this place.
 C = Inter-level travel time spent in this place.
 D = Time resting spent in this place.
 E = Time spent auto-exploring this place.
 F = Levels seen in this place.
 G = Mean time per level.
                   A        B        C        D        E       F      G
               +--------+--------+--------+--------+--------+-----+--------+
         Total |   1093 |   1076 |     17 |     11 |    937 |   2 |  546.5 |
       Dungeon |   1093 |   1076 |     17 |     11 |    937 |   2 |  546.5 |
               +--------+--------+--------+--------+--------+-----+--------+

Top non-repeatable levels by time:
     D:1: 571 daAuts
     D:2: 522 daAuts
